 Dungeon Crawl Stone Soup version 0.27.1-3-gb3d3a73c9e (webtiles) character file.

Game seed: 11645274005428312561

114 Eitelfritz the Gusty (level 4, -1/24 HPs)
             Began as a Tengu Air Elementalist on Oct 11, 2021.
             Slain by Menkaure (14 damage)
             ... on level 4 of the Dungeon.
             The game lasted 00:10:05 (4045 turns).

Eitelfritz the Gusty (Tengu Air Elementalist)       Turns: 4045, Time: 00:10:06

Health: -1/24      AC:  2    Str: 10    XL:     4   Next: 98%
Magic:  6/9        EV: 12    Int: 15    God:
Gold:   119        SH:  0    Dex: 14    Spells: 3/9 levels left

rFire    . . .     SeeInvis .   a - +0 falchion
rCold    . . .     Faith    .   (no shield)
rNeg     . . .     Spirit   .   j - +0 robe
rPois    .         Reflect  .   (helmet restricted)
rElec    .         Harm     .   (no cloak)
rCorr    .         Rampage  .   (no gloves)
Will     .....                  (boots unavailable)
Stlth    ++........             (no amulet)
HPRegen  0.08/turn              (no ring)
MPRegen  0.11/turn              (no ring)

@: no status effects
A: beak, talons 3
a: no special abilities


You were on level 4 of the Dungeon.
You visited 1 branch of the dungeon, and saw 4 of its levels.

You collected 119 gold pieces.

Inventory:

Hand Weapons
 a - a +0 falchion (weapon)
Missiles
 h - 3 javelins
Armour
 f - a scarf of shadows
 j - a +0 robe (worn)
Jewellery
 c - a ring of see invisible
 e - a ring of fire
Scrolls
 d - a scroll of teleportation {unknown}
 i - a scroll of magic mapping
Potions
 b - a potion of invisibility
 g - a potion of mutation {unknown}
 k - a potion of magic


   Skills:
 + Level 2.6 Dodging
 + Level 2.4 Stealth
 + Level 3.1 Spellcasting
 + Level 2.8 Conjurations
 + Level 5.2 Air Magic


You had 3 spell levels left.
You knew the following spells:

 Your Spells              Type           Power      Damage    Failure   Level
a - Shock                 Conj/Air       56%        1d6       3%          1
b - Static Discharge      Conj/Air       14%        N/A       6%          2
c - Swiftness             Air            17%        N/A       7%          3

Your spell library contained the following spells:

 Spells                   Type           Power      Damage    Failure   Level
 Airstrike                Air            8%         N/A       24%         4


Dungeon Overview and Level Annotations

Branches:
Dungeon (4/15)
 Temple: D:4-7

Altars:
Cheibriados
Gozag
Qazlal
Sif Muna
Trog

Annotations:
D:4 Menkaure


Innate Abilities, Weirdness & Mutations

You have a beak for a mouth.
You have claws for feet.


Message History

Aim: an orc, wielding a +0 short sword and wearing a +0 scale mail (heavily wounded, 75% to hit)
The zap hits the orc.
The orc is almost dead.
Casting: Shock (safe; 3% risk of failure)
Confirm with . or Enter, or press ? or * to list all spells.
Aiming: Shock (safe; 3% risk of failure)
Press: ? - help, Shift-Dir - straight line, f/p - orc
Aim: an orc, wielding a +0 short sword and wearing a +0 scale mail (almost dead, 75% to hit)
The zap hits the orc.
You kill the orc!
Menkaure, Prince of Dust comes into view.
Casting: Shock (safe; 3% risk of failure)
Confirm with . or Enter, or press ? or * to list all spells.
You can't see any susceptible monsters within range! (Use Z to cast anyway.) Unknown command.
Unknown command.
You start resting.
Menkaure is nearby!
Press: ? - help, v - describe, . - travel A rock wall.
Unknown command.
Casting: Shock (safe; 3% risk of failure)
Confirm with . or Enter, or press ? or * to list all spells.
Aiming: Shock (safe; 3% risk of failure)
Press: ? - help, Shift-Dir - straight line The zap hits Menkaure.
Menkaure is moderately damaged.
The zap misses Menkaure.
You barely miss Menkaure. You claw Menkaure.
Menkaure is moderately damaged.
Menkaure calls on the powers of darkness!
Your body is wracked with pain!
You hit Menkaure but do no damage.
Menkaure is moderately damaged.
Menkaure misses you.
You barely miss Menkaure. Your kick misses Menkaure.
Menkaure is moderately damaged.
Menkaure hits you!
Ouch! That really hurt!
You die...

######################
#............M@.......
#.##.#######.#########
###.##.# #.# ....##.#
#.# ######.# #.# #.#
#). ####.... ...
.....#.. .M. ######
.#..


You could see Menkaure.

Vanquished Creatures
  An orc priest (D:3)
  2 adders (D:3)
  A worm (D:2)
  A dart slug (D:2)
  5 orcs
  6 endoplasms
  2 giant cockroaches
  7 goblins
  A hobgoblin (D:3)
  3 jackals (D:1)
  3 quokkas
  7 ball pythons
  3 bats
  2 frilled lizards
  7 kobolds
  3 rats
  4 toadstools (D:1)
58 creatures vanquished.

Notes
Turn   | Place    | Note
-------+----------+-------------------------------------------
     0 | D:1      | Eitelfritz the Tengu Air Elementalist began the quest for
                  | the Orb.
     0 | D:1      | Reached XP level 1. HP: 10/10 MP: 4/4
   367 | D:1      | Reached XP level 2. HP: 15/15 MP: 4/6
   611 | D:1      | Found a faded altar of an unknown god.
  1158 | D:1      | Reached XP level 3. HP: 19/19 MP: 5/7
  1737 | D:2      | Found a shimmering blue altar of Sif Muna.
  2688 | D:2      | Learned a level 2 spell: Static Discharge
  2692 | D:2      | Learned a level 3 spell: Swiftness
  2714 | D:3      | Found a stormy altar of Qazlal.
  2936 | D:3      | Found a bloodstained altar of Trog.
  2939 | D:3      | Found an opulent altar of Gozag.
  2944 | D:3      | Found a snail-covered altar of Cheibriados.
  2995 | D:3      | Reached XP level 4. HP: 24/24 MP: 3/9
  3146 | D:3      | HP: 1/24 [orc priest (7)]
  3153 | D:3      | Reached skill level 5 in Air Magic
  4032 | D:4      | Noticed Menkaure
  4045 | D:4      | Slain by Menkaure

Illustrated notes

Levels and vault maps discovered:
D:1:      ldierk_water_garden, layout_basic,
          hellmonk_ecumenical_altar_dog_temple
D:2:      layout_basic, basic_altar, serial_rivers,
          chequers_serial_rivers_micro_a, chequers_serial_rivers_micro_b,
          chequers_serial_rivers_small_3, chequers_serial_rivers_micro_a,
          chequers_serial_rivers_micro_d, chequers_serial_rivers_small_b
D:3:      layout_basic, nicolae_qazlal_general_emergency,
          grunt_temple_overflow_diamond
D:4:      layout_loops_ring, hangedman_abyss_or_decor_lesser_grid,
          hangedman_decor_push, uniq_eustachio, uniq_menkaure, uniq_grinder

Skill      XL: |  1  2  3  4 |
---------------+-------------+-----
Conjurations   | 2 |  2.8
Air Magic      | 5 |  5.2
Spellcasting   | 3 |  3.1
Dodging        | |  2.6
Stealth        | |  2.4

Action                   |  1- 3 |  4- 6 || total
-------------------------+-------+-------++-------
Melee: Unarmed           |    17 |       ||    17
       Kick              |     4 |     3 ||     7
       Peck              |     4 |     2 ||     6
       Falchion          |       |     7 ||     7
 Cast: Shock             |    90 |    31 ||   121
  Use: Scroll            |       |     4 ||     4
       Potion            |       |     2 ||     2
Armor: Robe              |     5 |     1 ||     6
Dodge: Dodged            |    17 |     5 ||    22
       Rpst.: Falchion   |       |     1 ||     1
